cohdb
Replays
Latest Replays
All Replays
Popular Replays
Top Player Replays
Match Explorer
How It Works
Community
CoH3 Stats
Reddit
Sign in to upload your games and track your stats! →
Sign in with Steam
Match 27518085
Unlisted
Match 27518085
Overview
Messages
Build Orders
End
Selects Indian Artillery Battlegroup
Vickers Machine Gun Team
Construct Section Command Post
Royal Engineer Section
Dingo Light Scout Car
Infantry Section
Construct Platoon Command Post
Selects War Cry
Selects Gurkha Rifles Section
Gurkha Rifles Section
Selects Towed ML 4.2-inch Heavy Mortar
Towed ML 4.2-inch Heavy Mortar
Unlock M3 Stuart Light Tanks
M3 Stuart Light Tank
Gurkha Rifles Section
Selects Off-map Airburst Barrage
Construct Company Command Post
Off-map Airburst Barrage
Matilda II Heavy Tank
Selects Perimeter Monitor
6-pounder Anti-tank Gun Team
AI Takeover
Quintoni
MMMMMMMMMMMM
0
0
Comments
sign in to comment!
No comments posted yet!